 Dungeon Crawl Stone Soup version 0.23-a0-136-g722f094 (webtiles) character file.

347 tatocazan the Chopper (level 6, -7/57 HPs)
             Began as a Minotaur Fighter on Aug 29, 2018.
             Engulfed by a cloud of freezing vapour (23 damage)
             ... on level 4 of the Dungeon.
             The game lasted 00:04:26 (2894 turns).

tatocazan the Chopper (Minotaur Fighter)            Turns: 2894, Time: 00:04:26

Health: -7/57      AC: 11    Str: 20    XL:     6   Next: 33%
Magic:  5/5        EV:  3    Int:  5    God:
Gold:   158        SH:  9    Dex: 12    Spells: 5/5 levels left

rFire    . . .     SeeInvis .   a - +0 war axe
rCold    . . .     Gourm    .   c - +0 shield
rNeg     . . .     Faith    .   r - +0 plate armour (curse)
rPois    .         Spirit   .   (helmet restricted)
rElec    .         Reflect  .   (no cloak)
rCorr    .         Harm     .   (no gloves)
MR       .....                  (no boots)
Stlth    ..........             (no amulet)
HPRegen  0.19/turn              (no ring)
MPRegen  0.09/turn              (no ring)

@: no status effects
A: retaliatory headbutt, horns 2
a: no special abilities


You were on level 4 of the Dungeon.
You were not hungry.

You visited 1 branch of the dungeon, and saw 4 of its levels.

You collected 158 gold pieces.

Inventory:

Hand Weapons
 a - a +0 war axe (weapon)
Missiles
 j - 4 javelins (quivered)
Armour
 c - a +0 shield (worn)
 r - a cursed +0 plate armour (worn)
Jewellery
 p - a +4 ring of protection {unknown}
 u - a cursed ring of teleportation {unknown}
Scrolls
 i - a scroll of enchant weapon {unknown}
 k - 4 scrolls of teleportation {unknown}
 m - 7 scrolls of identify {unknown}
 n - a scroll of blinking {unknown}
 s - a scroll of immolation {unknown}
 t - a scroll of remove curse {unknown}
 v - a scroll of amnesia {unknown}
Potions
 b - a potion of brilliance {unknown}
 d - a potion of might
 e - 3 potions of flight {unknown}
 g - a potion of heal wounds {unknown}
 h - a potion of magic {unknown}
 l - 6 potions of curing {unknown}
 o - a potion of degeneration {unknown}
 q - 2 potions of ambrosia {unknown}
 w - a potion of resistance
Comestibles
 f - 7 rations


   Skills:
 + Level 5.7 Fighting
 * Level 6.8 Axes
 - Level 3.6 Armour
 - Level 3.6 Shields


You had 5 spell levels left.
You didn't know any spells.
Your spell library was empty.

Dungeon Overview and Level Annotations

Branches:
Dungeon (4/15)
 Temple: D:4-7

Altars:
Ashenzari
Nemelex Xobeh
Ru
Vehumet
Yredelemnul
The Shining One

Annotations:
D:4 1 transporter


Innate Abilities, Weirdness & Mutations

You reflexively headbutt those who attack you in melee.
You have a pair of horns on your head.


Message History

You kill the ice beast!
You have reached level 6!
Your experience leads to an increase in your attributes!
Your base attributes are Str 20, Int 5, Dex 11.
Increase (S)trength, (I)ntelligence, or (D)exterity?
You feel agile.
You start resting.
You feel a little less mighty now.
You start resting.
HP restored.
Really walk into a travel-excluded area?
There is an open gate here.
You are engulfed in freezing vapours.
There is an open gate here.
You are engulfed in freezing vapours.
* * * LOW HITPOINT WARNING * * *
You are engulfed in freezing vapours.
* * * LOW HITPOINT WARNING * * *
You are engulfed in freezing vapours.
You die...

...####'###.# #.
#.........#.######.
#.........+.......#
#.........#.#####.#
#######.........# #.#
#§§§§.#########.# #.#
##§§§§§#.§§§§.##.###.#
.###§§§§§#§§§.§§##.)...#
...#$$.@§§.#.#§§#...####
..©#©!.§§§...©§§#©..# #
#..#?$.§§§.#.#§.#..##
####§§§§§#§§§§§§#..#
##§§§§§#§§§§§.####
#§§§§§######## #######


There were no monsters in sight!

Vanquished Creatures
  2 ice beasts (D:4)
  2 worker ants (D:4)
  3 gnolls (D:3)
  2 adders (D:2)
  An ooze (D:3)
  A worm (D:2)
  A dart slug (D:1)
  3 leopard geckos
  3 giant cockroaches
  5 goblins
  4 hobgoblins
  2 quokkas (D:2)
  2 ball pythons
  10 bats
  11 frilled lizards
  7 kobolds
  A quokka skeleton (D:4)
  2 rats
62 creatures vanquished.

Notes
Turn   | Place    | Note
-------+----------+-------------------------------------------
     0 | D:1      | tatocazan the Minotaur Fighter began the quest for the Orb.
     0 | D:1      | Reached XP level 1. HP: 19/19 MP: 0/0
     2 | D:1      | Noticed a vampire
     2 | D:1      | Noticed a minotaur
     4 | D:1      | Noticed a formicid
     4 | D:1      | Noticed a dwarf
     8 | D:1      | Noticed a gargoyle
     8 | D:1      | Noticed a human
    10 | D:1      | Noticed a centaur
    10 | D:1      | Noticed a demigod
    12 | D:1      | Noticed a ghoul
    12 | D:1      | Noticed an ogre
    15 | D:1      | Noticed a halfling
    15 | D:1      | Noticed a vine stalker
    17 | D:1      | Noticed a draconian
    17 | D:1      | Noticed a demonspawn
    19 | D:1      | Noticed a felid
    19 | D:1      | Noticed a spriggan
    21 | D:1      | Noticed a troll
    21 | D:1      | Noticed a naga
    23 | D:1      | Noticed an elf
    25 | D:1      | Noticed a merfolk
    25 | D:1      | Noticed a tengu
    27 | D:1      | Noticed an octopode
   366 | D:1      | Reached skill level 3 in Axes
   368 | D:1      | Reached XP level 2. HP: 23/27 MP: 1/1
  1018 | D:2      | Reached XP level 3. HP: 28/33 MP: 2/2
  1032 | D:2      | Reached skill level 4 in Axes
  1230 | D:2      | Found a faded altar of an unknown god.
  1372 | D:2      | Found a sacrificial altar of Ru.
  1386 | D:2      | You fall through a shaft!
  1388 | D:3      | Found a sparkling altar of Nemelex Xobeh.
  1540 | D:3      | Reached XP level 4. HP: 33/41 MP: 3/3
  1792 | D:3      | Found a shattered altar of Ashenzari.
  1862 | D:3      | Found a sparkling altar of Nemelex Xobeh.
  2162 | D:2      | Reached skill level 5 in Axes
  2217 | D:2      | Found a glowing golden altar of the Shining One.
  2222 | D:2      | Found a basalt altar of Yredelemnul.
  2224 | D:2      | Noticed a profane servitor
  2324 | D:2      | Noticed an angel
  2381 | D:4      | Found a radiant altar of Vehumet.
  2428 | D:4      | Reached skill level 5 in Fighting
  2428 | D:4      | Reached XP level 5. HP: 40/48 MP: 4/4
  2686 | D:4      | Found a transporter.
  2754 | D:4      | Found a transporter.
  2754 | D:4      | Noticed an ice beast
  2754 | D:4      | Noticed an ice beast
  2761 | D:4      | Killed an ice beast
  2761 | D:4      | Reached skill level 6 in Axes
  2762 | D:4      | Killed an ice beast
  2762 | D:4      | Reached XP level 6. HP: 32/57 MP: 5/5
  2894 | D:4      | Engulfed by a cloud of freezing vapour

Vault maps used:
D:1:      kb_arrival_jail, minmay_lizard_pond
D:2:      marbit_many_paths, grunt_temple_overflow_holy_war, first_ration,
          chequers_ecumenical_altar_grove
D:3:      ashenzari_altar_1, lemuel_doored_altar, grunt_ministairs_3,
          nemelex_lonely_heart_becter
D:4:      gammafunk_cloud_chamber, vehumet_crystals, serial_glass,
          glass_columns_b, glass_columns_b, glass_columns_a, glass_columns_c,
          glass_columns_b, glass_columns_c, serial_shops,
          nicolae_shop_behind_doors

Skill      XL: |  1  2  3  4  5 |
---------------+----------------+-----
Axes           | 3 4 5 6 |  6.8
Fighting       | 4 5 |  5.7
Armour         | |  3.6
Shields        | |  3.6

Action                   |  1- 3 |  4- 6 || total
-------------------------+-------+-------++-------
Melee: War axe           |   102 |    58 ||   160
       Headbutt          |    11 |     9 ||    20
  Use: Potion            |       |     1 ||     1
  Eat: Chunk             |     2 |     4 ||     6
Armor: Scale mail        |    44 |       ||    44
       Plate armour      |     7 |    39 ||    46
Dodge: Dodged            |    30 |     7 ||    37
Block: Shield            |    56 |    27 ||    83

Table legend:
 A = Non-vault XP
 B = Vault XP
 C = Vault XP percentage of total XP
 D = Non-vault monster count
 E = Vault monster count
 F = Vault count percentage of total count
                 A         B        C        D         E       F
            +---------+---------+-------+---------+---------+-------
      Total |     213 |     284 |  57.1 |      51 |      11 |  17.7
            +---------+---------+-------+---------+---------+-------
        D:1 |      22 |       6 |  21.4 |      14 |       6 |  30.0
        D:2 |      50 |       2 |   3.8 |      15 |       1 |   6.2
        D:3 |      67 |       8 |  10.7 |      17 |       2 |  10.5
        D:4 |      74 |     268 |  78.4 |       5 |       2 |  28.6
            +---------+---------+-------+---------+---------+-------
